Map: [ESL] Glittering Ashes

Players

Serral - Winner!

  • Race: Zerg Zerg

SpeCial

  • Race: Terran Terran

Event: IEM Katowice 2022

VOD

Have the link to the VOD?

Description

Time

  • Played on: Feb. 24, 2022, 2:08 p.m.
  • Length: 5:32

All games in this series

Show
View Real Time Build Order
Export as new Build Order

Serral Zerg - Winner!

Build Orders: Pool First 

Get SALT Encoding   

  12  0:00  Drone  
  13  0:12  Overlord  
  13  0:20  Drone  
  14  0:31  Drone x2  
  14  0:34  Drone  
  17  0:45  Drone, Extractor  
  17  0:49  Spawning Pool  
  16  0:55  Drone  
  17  1:06  Drone  
  18  1:17  Hatchery  
  17  1:20  Drone  
  18  1:35  Queen  
  18  1:36  Zergling x2  
  18  1:38  Zergling x2  
  22  1:45  Metabolic Boost  
  22  1:51  Overlord  
  22  2:10  Drone  
  22  2:11  Drone  
  22  2:12  Queen  
  26  2:22  Drone  
  27  2:29  Drone, Queen  
  30  2:32  Drone  
  31  2:41  Drone  
  32  2:45  Drone x4  
  32  2:48  Pneumatized Carapace  
  36  2:56  Overlord  
  36  3:08  Hatchery  
  36  3:10  Drone  
  36  3:15  Overlord  
  36  3:17  Drone x2  
  38  3:21  Drone x2  
  38  3:24  Drone  
  38  3:25  Drone  
  42  3:27  Drone  
  42  3:32  Queen  
  45  3:38  Queen  
  47  3:42  Overlord  
  47  3:44  Drone  
  47  3:48  Drone x2  
  50  3:55  Baneling Nest  
  50  3:57  Zergling x4  
  50  3:58  Spore Crawler  
  50  4:00  Spore Crawler  
  49  4:03  Zergling x2  
  49  4:04  Drone x2  
  49  4:07  Drone x2  
  54  4:14  Queen  
  56  4:18  Drone, Zergling x2  
  56  4:19  Drone x2  
  56  4:23  Overlord  
  60  4:24  Drone  
  60  4:29  Queen  
  62  4:31  Zergling x2  
  62  4:33  Drone  
  62  4:37  Drone  
  65  4:39  Overlord  
  65  4:41  Overlord  
  65  4:44  Zergling x2  
  66  4:46  Drone x3  
  66  4:52  Zergling x2  
  70  4:53  Drone x2  
  70  4:54  Drone  
  70  4:59  Spore Crawler  
  72  5:06  Drone x2  
  74  5:10  Zergling x2  
  74  5:11  Drone x2  
  74  5:12  Overlord  
  74  5:13  Drone  
  80  5:21  Extractor  
  80  5:22  Extractor x2  
  80  5:25  Extractor  
  80  5:27  Extractor  
Show
View Real Time Build Order
Export as new Build Order

SpeCial Terran 

Build Orders:  

Get SALT Encoding   

  12  0:00  SCV  
  13  0:12  SCV  
  14  0:17  Supply Depot  
  14  0:24  SCV  
  15  0:39  SCV  
  15  0:40  Barracks  
  15  0:42  Refinery  
  16  0:51  SCV  
  17  1:03  SCV  
  18  1:15  SCV  
  19  1:27  Orbital Command  
  19  1:34  Command Center  
  19  1:37  Marine  
  20  1:48  Factory  
  20  1:53  SCV  
  21  2:01  Barracks Reactor  
  21  2:05  SCV  
  22  2:08  Supply Depot  
  22  2:11  Refinery  
  22  2:17  SCV  
  23  2:30  SCV  
  24  2:38  Starport  
  24  2:42  SCV, Hellion x2  
  29  2:45  Marine  
  29  2:49  Orbital Command  
  30  2:54  SCV  
  31  3:03  Widow Mine x2, Marine  
  36  3:06  SCV  
  37  3:14  SCV  
  37  3:16  Medivac  
  40  3:21  SCV  
  40  3:25  Supply Depot, Widow Mine  
  40  3:26  Widow Mine  
  45  3:32  SCV  
  46  3:36  Armory  
  46  3:47  SCV x2, Hellion x2  
  52  3:52  Supply Depot  
  52  3:59  SCV x2  
  54  4:05  Barracks Tech Lab  
  54  4:13  SCV x2, Liberator  
  54  4:14  Supply Depot  
  57  4:25  SCV x2  
  57  4:27  Command Center  
  59  4:37  SCV x2  
  59  4:39  Hellion x4  
  59  4:40  Factory  
  59  4:44  Supply Depot  
  59  4:47  Widow Mine  
  59  4:50  SCV x2  
  63  4:55  Barracks Tech Lab  
  63  5:02  SCV x2  
  65  5:09  Widow Mine  
  65  5:14  SCV x2  

Tags
 
Add a new tag
Caveats
  • Supply blocks, unpowered buildings, or Contaminate may cause inaccurate times.
  • Supply counts are checked every 10 seconds.